 Dungeon Crawl Stone Soup version 0.27.1-37-g7b29ead8ac (webtiles) character file.

Game seed: 7555408343528816095

91 tkbsonic5 the Skirmisher (level 4, -1/37 HPs)
             Began as a Demonspawn Fighter on Oct 22, 2023.
             Succumbed to a water moccasin's poison
             ... on level 3 of the Dungeon.
             The game lasted 00:04:34 (2728 turns).

tkbsonic5 the Skirmisher (Demonspawn Fighter)       Turns: 2728, Time: 00:04:35

Health: -1/37      AC:  6    Str: 17    XL:     4   Next: 34%
Magic:  4/4        EV:  9    Int: 12    God:
Gold:   133        SH:  0    Dex: 10    Spells: 3/3 levels left

rFire    . . .     SeeInvis .   a - +0 long sword
rCold    . . .     Faith    .   (no shield)
rNeg     . . .     Spirit   .   b - +0 scale mail
rPois    .         Reflect  .   (no helmet)
rElec    .         Harm     .   (no cloak)
rCorr    .         Rampage  .   (no gloves)
Will     .....                  (no boots)
Stlth    ..........             (no amulet)
HPRegen  0.12/turn              (no ring)
MPRegen  0.09/turn              (no ring)

@: lethally poisoned (-1 -> -12)
A: ignite blood 1, spiny 1, clever 1, clumsy 1, subdued magic 1
a: no special abilities


You were on level 3 of the Dungeon.
You visited 1 branch of the dungeon, and saw 3 of its levels.

You collected 133 gold pieces.

Inventory:

Hand Weapons
 a - a +0 long sword (weapon)
 h - a +0 great sword
Missiles
 f - 7 poisoned darts (quivered)
 n - 8 boomerangs
Armour
 b - a +0 scale mail (worn)
 c - a +0 kite shield
 d - a +0 tower shield
Scrolls
 e - 2 scrolls of enchant weapon {unknown}
 i - a scroll of holy word {unknown}
 k - a scroll of identify {unknown}
Potions
 j - a potion of flight {unknown}
 l - a potion of might
 m - 2 potions of lignification {unknown}
 o - a potion of curing {unknown}


   Skills:
 * Level 3.6 Fighting
 * Level 2.5 Long Blades
 + Level 2.9 Armour
 * Level 1.4 Dodging
 * Level 3.2 Shields


You had 3 spell levels left.
You didn't know any spells.
Your spell library contained the following spells:

 Spells                   Type           Power      Damage    Failure   Level
 Corona                   Hex            0%         N/A       69%         1
 Magic Dart               Conj           0%         1d3       69%         1
 Ensorcelled Hibernation  Hex/Ice        0%         N/A       83%         2
 Searing Ray              Conj           0%         3d3       83%         2
 Dazzling Flash           Conj/Hex       0%         N/A       96%         3
 Tukima's Dance           Hex            0%         N/A       96%         3
 Fulminant Prism          Conj/Hex       0%         3d6       100%        4
 Agony                    Necr           0%         N/A       100%        5
 Silence                  Hex/Air        0%         N/A       100%        5


Dungeon Overview and Level Annotations

Branches:
Dungeon (3/15)

Altars:

Shops:
D:1 [


Innate Abilities, Weirdness & Mutations

Your demonic aura sometimes causes spilled blood to erupt in flames.
You are partially covered in sharp spines.
Your mind is acute. (Int +2)
You are clumsy. (Dex -2)
Your spells are a little easier to cast, but a little less powerful.


Message History

The poisoned dart barely misses the water moccasin.
You throw a poisoned dart.
The poisoned dart closely misses the water moccasin.
The water moccasin bites you.
You barely miss the water moccasin.
The water moccasin bites you but does no damage. x2
You closely miss the water moccasin. The water moccasin bites you.
The water moccasin is struck by your spines.
The water moccasin bites you.
You closely miss the water moccasin.
The water moccasin is lightly wounded.
The water moccasin is struck by your spines.
The water moccasin bites you.
The water moccasin is struck by your spines.
The water moccasin bites you but does no damage.
You hit the water moccasin.
The water moccasin is moderately wounded.
The water moccasin bites you. x3
* * * LOW HITPOINT WARNING * * *
You are too injured to fight recklessly!
You are too injured to fight recklessly!
a - a +0 long sword (weapon)
You hit the water moccasin.
The water moccasin is moderately wounded.
The water moccasin barely misses you.
You riposte.
You slash the water moccasin!
The water moccasin is severely wounded.
The water moccasin bites you but does no damage.
You miss the water moccasin.
The water moccasin is severely wounded.
The water moccasin is struck by your spines.
The water moccasin bites you.
* * * LOW HITPOINT WARNING * * *
The water moccasin bites you.
* * * LOW HITPOINT WARNING * * *
You are lethally poisoned!
The water moccasin poisons you!
It was a potion of mutation.
You feel extremely strange.
Your connection to magic feels subdued.
You feel clumsy.
You feel clever.
You die...

....#########
#..........# ##.##
#####.######## #.# ..#
#.#### ##'## # #.#
#....# #...## #. #.#
#..#.# .....## #.###
#.# ##...# ......## ##
...# #.# ##.## .......#
##...##.###.####...####
.......+
(.....S@..............+
.......#
##........####.......##
......## ##.......#
#.##.##.# .....##
##......# #.##.##.#
#...## #......#
#....##.# ##'##
#......# #..#.##.# #.#
###.#### #....##.# #.#
#. #.......### ##.#####
#. ###........


You could see a water moccasin.

Vanquished Creatures
  Robin (D:3)
  An adder (D:2)
  2 dart slugs
  An orc (D:3)
  5 ball pythons
  6 bats
  5 endoplasms (D:1)
  A giant cockroach (D:3)
  13 goblins
  8 hobgoblins
  2 quokkas
  4 frilled lizards
  5 kobolds
  8 rats
62 creatures vanquished.

Notes
Turn   | Place    | Note
-------+----------+-------------------------------------------
     0 | D:1      | tkbsonic5 the Demonspawn Fighter began the quest for the
                  | Orb.
     0 | D:1      | Reached XP level 1. HP: 18/18 MP: 1/1
   151 | D:1      | Found Aloud's Antique Armour Shop.
   199 | D:1      | Gained mutation: You are partially covered in sharp spines.
                  | [demonic ancestry]
   199 | D:1      | Reached XP level 2. HP: 7/24 MP: 2/2
   445 | D:1      | Found a faded altar of an unknown god.
   969 | D:1      | Gained mutation: Your demonic aura sometimes causes spilled
                  | blood to erupt in flames. [demonic ancestry]
   969 | D:1      | Reached XP level 3. HP: 26/29 MP: 3/3
  1116 | D:2      | Reached skill level 1 in Dodging
  1880 | D:3      | Noticed Robin
  1893 | D:3      | Reached XP level 4. HP: 19/35 MP: 4/4
  1893 | D:3      | Killed Robin
  2717 | D:3      | Noticed a water moccasin
  2728 | D:3      | Gained mutation: Your spells are a little easier to cast,
                  | but a little less powerful. [potion of mutation]
  2728 | D:3      | Gained mutation: You are clumsy. (Dex -2) [potion of
                  | mutation]
  2728 | D:3      | Gained mutation: Your mind is acute. (Int +2) [potion of
                  | mutation]
  2728 | D:3      | Succumbed to a water moccasin's poison

Illustrated notes

Levels and vault maps discovered:
D:1:      minmay_arrival_doors, layout_basic, serial_shops, shop_fountains,
          hellmonk_ecumenical_altar_inner_sanctum
D:2:      layout_rooms
D:3:      layout_loops_corners, uniq_robin

Skill      XL: |  1  2  3 |
---------------+----------+-----
Long Blades    | 2 |  2.5
Shields        | 3 |  3.2
Dodging        | 1 |  1.4
Fighting       | |  3.6
Armour         | |  2.9

Action                   |  1- 3 |  4- 6 || total
-------------------------+-------+-------++-------
Melee: Long sword        |    94 |     2 ||    96
       Great sword       |    11 |    18 ||    29
Throw: Dart              |       |     5 ||     5
  Use: Potion            |     1 |     1 ||     2
Armor: Scale mail        |    43 |     8 ||    51
Dodge: Dodged            |    24 |     8 ||    32
Block: Kite shield       |    14 |       ||    14
       Tower shield      |    61 |       ||    61
       Rpst.: Long sword |     7 |     1 ||     8
       Great sword       |     1 |     3 ||     4
